 Dungeon Crawl Stone Soup version 0.31-a0-174-g85c54bcb58 (webtiles) character file.

Game seed: 4772049266476267526

3346 IdlyInterested the Slicer (level 9, -17/68 HPs)
             Began as a Demonspawn Fighter on June 15, 2023.
             Demolished by an orc warrior
             ... wielding a +1 heavy dire flail
              (27 damage)
             ... on level 8 of the Dungeon.
             The game lasted 00:26:26 (7995 turns).

IdlyInterested the Slicer (Demonspawn Fighter)      Turns: 7995, Time: 00:26:27

Health: -17/68     AC:  6    Str: 16    XL:     9   Next: 72%
Magic:  12/12      EV: 10    Int: 12    God:
Gold:   400        SH:  9    Dex: 15    Spells: 9/12 levels left

rFire   . . .        b - +0 rapier
rCold   . . .        q - +0 kite shield
rNeg    . . .        D - +0 steam dragon scales
rPois   .            (no helmet)
rElec   .            B - +0 cloak
rCorr   .            (no gloves)
SInv    .            (no boots)
Will    +....        (no amulet)
Stlth   ++           t - +4 ring of slaying
HPRegen 0.31/turn    A - ring of willpower
MPRegen 0.13/turn

%: no passive effects
@: studying Polearms, invisible
A: hooves 1, ignite blood 2, demonic magic 1
a: no special abilities


You were on level 8 of the Dungeon.
You visited 2 branches of the dungeon, and saw 9 of its levels.

You collected 400 gold pieces.

Inventory:

Hand Weapons
 a - a +0 long sword
 b - a +0 rapier (weapon)
 n - a +2 dagger
 C - a +0 war axe of flaming
Missiles
 g - 6 curare-tipped darts
 j - 13 stones (quivered)
 k - 4 poisoned darts
 o - 4 throwing nets
 v - 6 boomerangs
Armour
 c - a +0 buckler
 q - a +0 kite shield (worn)
 B - a +0 cloak (worn)
 D - +0 steam dragon scales (worn)
Magical Staves
 p - a staff of fire
 x - a staff of air
Jewellery
 t - a +4 ring of slaying (left hand)
 A - a ring of willpower (right hand)
Wands
 w - a wand of paralysis (1)
Scrolls
 i - 2 scrolls of teleportation
 y - a scroll of vulnerability {unknown}
 E - a scroll of poison {unknown}
Potions
 d - 3 potions of might
 e - 3 potions of curing
 f - a potion of berserk rage
 h - a potion of invisibility
 l - a potion of lignification
 r - a potion of haste {unknown}
 s - a potion of ambrosia {unknown}
 u - a potion of mutation {unknown}
 z - a potion of attraction


   Skills:
 - Level 5.0 Fighting
 * Level 10.5(10.6) Short Blades
 - Level 2.2(7.0) Long Blades
 - Level 1.0 Throwing
 - Level 2.6 Armour
 - Level 2.0 Dodging
 + Level 3.0 Stealth
 - Level 4.0 Shields
 - Level 2.0 Spellcasting
 - Level 2.0 Evocations


You had 9 spell levels left.
You knew the following spells:

 Your Spells              Type           Power      Damage    Failure   Level
a - Summon Small Mammal   Summ           4%         N/A       58%         1
b - Call Imp              Summ           2%         N/A       75%         2

Your spell library contained the following spells:

 Spells                   Type           Power      Damage    Failure   Level
 Foxfire                  Conj/Fire      4%         2x1d4     58%         1
 Magic Dart               Conj           4%         1d3       58%         1
 Cigotuvi's Dreadful Rot  Necr/Pois/Air  2%         N/A       75%         2
 Ignite Poison            Fire/Tmut/Pois 1%         N/A       92%         3
 Mephitic Cloud           Conj/Pois/Air  1%         N/A       92%         3
 Fireball                 Conj/Fire      0%         3d3       100%        5
 Freezing Cloud           Conj/Ice/Air   0%         6-21      100%        5
 Plasma Beam              Fire/Air       0%         2x1d10    100%        6
 Starburst                Conj/Fire      0%         6d3       100%        6


Dungeon Overview and Level Annotations

Branches:
Dungeon (8/15)             Temple (1/1) D:4
   Lair: D:8-11

Altars:
Ashenzari
Cheibriados
Dithmenos
Fedhas
Gozag
Kikubaaqudgha
Makhleb
Okawaru
Ru
Sif Muna
Trog
Uskayaw
Vehumet
Xom


Innate Abilities, Weirdness & Mutations

You have large cloven feet.
Your demonic aura often causes spilled blood to erupt in flames.
Spells you cast may paralyse adjacent enemies.


Message History

You closely miss the orc warrior.
You kick the orc warrior, but do no damage.
The orc warrior is lightly wounded.
The centaur shoots an arrow.
The arrow hits you but does no damage.
You hit the orc warrior but do no damage.
The orc warrior is lightly wounded.
The orc warrior hits you with a +1 heavy dire flail!
You hit the orc warrior. Your kick misses the orc warrior.
The orc warrior is moderately wounded.
The centaur shoots an arrow.
The arrow hits you!
* * * LOW HITPOINT WARNING * * *
Unknown command.
You feel much better.
The centaur shoots an arrow.
You block the arrow.
The orc warrior hits you with a +1 heavy dire flail!!
You fade into invisibility!
The centaur shoots an arrow.
You block the arrow.
The orc warrior hits you with a +1 heavy dire flail!!
* * * LOW HITPOINT WARNING * * *
Found an escape hatch in the floor.
The centaur shoots an arrow.
The centaur shoots an arrow.
The centaur unwields a +0 orcbow.
The centaur closely misses you.
The centaur kicks you but does no damage.
You hit the centaur.
The centaur is lightly wounded.
The centaur is engulfed in blazing flames.
You block the centaur's attack. The centaur barely misses you.
The centaur is engulfed in blazing flames.
There is a stone staircase leading up, spattered with blood here.
The centaur hits you.
* * * LOW HITPOINT WARNING * * *
You block the centaur's attack.
You puncture the centaur!
You kill the centaur!
Training target 4.0 for Shields reached!
Your Shields skill increases to level 4!
You hit the orc warrior. You kick the orc warrior.
The orc warrior is moderately wounded.
The orc warrior is engulfed in blazing flames.
The orc warrior hits you with a +1 heavy dire flail!!
You die...

.# ........# #.#
>......## #.#
........ ..#
......#
#####.##.....#
.............###
.......°.......#
.<....)o.......#
...#.#<@)......
.........#.##.#.
....###.##.# .#
##. # . .# ##


You could see an orc warrior (unable to see you).

Vanquished Creatures
  Pikel (D:6)
  Sigmund (D:4)
  A steam dragon (D:6)
  2 sky beasts
  2 ice beasts
  An orc warrior (D:5)
  3 black bears
  2 ogres
  2 centaurs
  A lemure (D:6)
  A phantom (D:6)
  2 bullfrogs
  6 scorpions
  3 wights (D:7)
  3 jellies
  4 hounds
  2 orc priests
  2 sleepcaps
  2 iguanas (D:5)
  7 orc wizards
  Natasha (twice) (D:3)
  9 adders
  5 gnolls (D:2)
  A shadow imp (D:5)
  2 ufetubi (D:7)
  2 worms (D:2)
  15 orcs
  3 bats
  2 endoplasms (D:2)
  6 giant cockroaches
  4 goblins
  5 hobgoblins
  4 jackals (D:2)
  7 kobolds
  5 quokkas
  8 ball pythons
  3 frilled lizards (D:3)
  2 rats
133 creatures vanquished.

Vanquished Creatures (others)
  Natasha (D:3)
1 creature vanquished.

Grand Total: 134 creatures vanquished

Notes
Turn   | Place    | Note
-------+----------+-------------------------------------------
     0 | D:1      | IdlyInterested the Demonspawn Fighter began the quest for
                  | the Orb.
     0 | D:1      | Reached XP level 1. HP: 18/18 MP: 1/1
   479 | D:1      | Reached skill level 1 in Dodging
   479 | D:1      | Gained mutation: You have large cloven feet. [demonic
                  | ancestry]
   479 | D:1      | Reached XP level 2. HP: 23/24 MP: 2/2
  1286 | D:2      | Reached skill level 1 in Stealth
  1294 | D:2      | Gained mutation: Your demonic aura sometimes causes spilled
                  | blood to erupt in flames. [demonic ancestry]
  1294 | D:2      | Reached XP level 3. HP: 29/30 MP: 3/3
  1421 | D:2      | Reached skill level 1 in Throwing
  1669 | D:2      | Gained mutation: Your demonic aura often causes spilled
                  | blood to erupt in flames. [demonic ancestry]
  1669 | D:2      | Reached XP level 4. HP: 25/37 MP: 4/4
  1676 | D:2      | Reached skill level 1 in Evocations
  2648 | D:3      | Gained mutation: Spells you cast may paralyse adjacent
                  | enemies. [demonic ancestry]
  2648 | D:3      | Reached XP level 5. HP: 40/43 MP: 5/5
  2687 | D:3      | Noticed Natasha
  2691 | D:3      | Killed Natasha
  2780 | D:3      | Found a radiant altar of Vehumet.
  2947 | D:3      | Killed Natasha
  3073 | D:3      | Reached skill level 1 in Short Blades
  3260 | D:3      | Noticed Natasha
  3270 | D:3      | Killed Natasha
  3413 | D:4      | Identified a scroll of acquirement
  3413 | D:4      | Acquired a +4 ring of slaying
  3572 | D:4      | Reached skill level 5 in Fighting
  3740 | D:4      | Reached skill level 2 in Short Blades
  3740 | D:4      | Reached XP level 6. HP: 47/51 MP: 6/6
  3826 | D:4      | Noticed Sigmund
  3839 | D:4      | Killed Sigmund
  3840 | D:4      | Reached skill level 4 in Short Blades
  3919 | D:4      | Reached XP level 7. HP: 56/56 MP: 7/7
  4035 | D:4      | Found a staircase to the Ecumenical Temple.
  4044 | Temple   | Entered the Ecumenical Temple
  4259 | D:5      | Entered Level 5 of the Dungeon
  4343 | D:5      | Reached skill level 5 in Short Blades
  5167 | D:5      | Reached skill level 6 in Short Blades
  5225 | D:5      | Found a shimmering blue altar of Sif Muna.
  5239 | D:5      | Reached XP level 8. HP: 30/62 MP: 8/8
  5242 | D:5      | Got Sif Muna's Teachings on Unified Lava
  5343 | D:5      | Found a bloodstained altar of Trog.
  5907 | D:6      | Reached skill level 7 in Short Blades
  6437 | D:6      | Noticed Pikel
  6472 | D:6      | Killed Pikel
  6473 | D:6      | Reached skill level 8 in Short Blades
  6598 | D:6      | Reached skill level 9 in Short Blades
  6598 | D:6      | Reached XP level 9. HP: 57/68 MP: 8/10
  6619 | D:6      | Reached skill level 1 in Spellcasting
  6762 | D:6      | Learned a level 1 spell: Summon Small Mammal
  6765 | D:6      | Learned a level 2 spell: Call Imp
  7474 | D:7      | Reached skill level 10 in Short Blades
  7995 | D:8      | Demolished by an orc warrior

Illustrated notes

Levels and vault maps discovered:
D:1:      dpeg_arrival_radiant, layout_basic, minmay_misc_feat_square,
          nrook_campfire
D:2:      minmay_razor_zed, layout_basic, chequers_serial_rivers_micro_b,
          minmay_misc_feat_five, feat_on_display
D:3:      layout_loops_ring, fiery_altar_vehumet, chequers_garden, uniq_natasha
D:4:      cheibrodos_old_hovel, layout_basic, temple_hall, uniq_sigmund
D:5:      layout_cave_pods, nzn_overflow_gifts_of_might_and_magic
D:6:      layout_basic, roderic_serpentine_path, minmay_manual_mandibuliform,
          uniq_pikel
D:7:      layout_gridville
D:8:      layout_loops_ring, mainiacjoe_overflow_alcove_4,
          nicolae_tso_besieged_by_evil, minmay_parallelograms, grunt_potential
Temple:   minmay_temple_bridge_abc

Skill      XL: |  1  2  3  4  5  6  7  8  9 |
---------------+----------------------------+-----
Dodging        | 1 2 |  2.0
Stealth        | 1 3 |  3.0
Fighting       | 4 5 |  5.0
Throwing       | 1 |  1.0
Evocations     | 1 2 |  2.0
Long Blades    | 2 |  2.2
Short Blades   | 2 4 6 9 10 | 10.5
Shields        | 3 4 |  4.0
Spellcasting   | 2 |  2.0
Armour         | |  2.6

Action                     |  1- 3 |  4- 6 |  7- 9 || total
---------------------------+-------+-------+-------++-------
  Melee: Long sword        |    87 |   135 |    82 ||   304
         Kick              |    20 |    37 |    75 ||   132
         Rapier            |       |       |   158 ||   158
  Throw: Stone             |       |     1 |    29 ||    30
    Use: Scroll            |     3 |     3 |     6 ||    12
         Potion            |       |       |     4 ||     4
   Stab: Sleeping          |       |       |     4 ||     4
 Armour: Scale mail        |    36 |       |       ||    36
         Plate armour      |    16 |    88 |    48 ||   152
         Steam dragon scal |       |       |    44 ||    44
  Dodge: Dodged            |    46 |    20 |    48 ||   114
  Block: Buckler           |    23 |     5 |       ||    28
         Kite shield       |       |    53 |    92 ||   145

Table legend: (Time is in decaauts)
 A = Elapsed time spent in this place.
 B = Non-inter-level travel time spent in this place.
 C = Inter-level travel time spent in this place.
 D = Time resting spent in this place.
 E = Time spent auto-exploring this place.
 F = Levels seen in this place.
 G = Mean time per level.
                   A        B        C        D        E       F      G
               +--------+--------+--------+--------+--------+-----+--------+
         Total |   8107 |   6885 |   1222 |   1077 |   4155 |   9 |  900.8 |
       Dungeon |   7983 |   6778 |   1205 |   1077 |   4142 |   8 |  997.9 |
        Temple |    123 |    106 |     17 |      0 |     13 |   1 |  123.0 |
               +--------+--------+--------+--------+--------+-----+--------+

Top non-repeatable levels by time:
     D:5: 1453 daAuts
     D:2: 1377 daAuts
     D:6: 1323 daAuts
     D:1: 1148 daAuts
     D:3: 957 daAuts
     D:4: 892 daAuts
     D:7: 811 daAuts
  Temple: 123 daAuts
     D:8: 19 daAuts
